[Event "*** SCC Grand Prix: Titled Tuesday Blitz"]
[Site "Chess.com"]
[Date "2020.10.13"]
[Round "8"]
[White "Kapibara_Warri0r"]
[Black "Chessbard1972"]
[Result "0-1"]
[WhiteElo "2078"]
[BlackElo "2339"]
[TimeControl "180+1"]
[EndTime "11:33:03 PDT"]
[Termination "Chessbard1972 won on time"]

1. d4 Nf6 2. c4 g6 3. Nc3 Bg7 4. e4 d6 5. f3 O-O 6. Bd3 c5 7. Nge2 cxd4 8. Nxd4 Ng4 9. Bc2 Ne5 10. b3 Nbc6 11. Be3 f5 12. O-O f4 13. Bf2 e6 14.
Qd2 Qg5 15. Rad1 Bd7 16. Kh1 Rad8 17. Qe1 Bf6 18. Ncb5 Bc8 19. Nc7 Nxd4 20. Bxd4 a6 21. c5 dxc5 22. Bxc5 Rf7 23. Qa5 Nc6 24. Qb6 Be5 25.
Rxd8+ Qxd8 26. Na8 Qd2 27. Bb1 Rd7 28. Bg1 Qe2 29. Rc1 Rd2 0-1

[Event "*** SCC Grand Prix: Titled Tuesday Blitz"]
[Site "Chess.com"]
[Date "2020.10.13"]
[Round "8"]
[White "mfwagnerpeixoto"]
[Black "guillembaches"]
[Result "1-0"]
[WhiteElo "2269"]
[BlackElo "2390"]
[TimeControl "180+1"]
[EndTime "11:33:04 PDT"]
[Termination "mfwagnerpeixoto won by resignation"]

1. e4 c5 2. Nf3 d6 3. d4 cxd4 4. Nxd4 Nf6 5. Nc3 Nc6 6. Bc4 Bd7 7. Bb3 g6 8. O-O Nxd4 9. Qxd4 Bg7 10. Bg5 O-O 11. Rad1 Bc6 12. Qd3 Qa5 13. Bd2 Qc7 14. Nd5 Bxd5 15. exd5 Nd7 16. c3 Nc5 17. Qe2 a5 18.
Bc4 a4 19. Rfe1 a3 20. b3 Bf6 21. Bh6 Rfc8 22. Qf3 Qd7 23. Bf1 b5 24. c4 bxc4 25. Bxc4 Na4 26. Re3 Nb2 27. Rde1 Nxc4 28. bxc4 Rxc4 29.
Rxa3 Rac8 30. h3 Qb7 31. Rae3 Rc3 32. Qxf6 exf6 33. Re8+ 1-0

[Event "*** SCC Grand Prix: Titled Tuesday Blitz"]
[Site "Chess.com"]
[Date "2020.10.13"]
[Round "8"]
[White "thedjoker98"]
[Black "Gerodot71"]
[Result "0-1"]
[WhiteElo "2586"]
[BlackElo "2472"]
[TimeControl "180+1"]
[EndTime "11:33:05 PDT"]
[Termination "Gerodot71 won by resignation"]

1. d4 Nf6 2. c4 e6 3. Nc3 Bb4 4.
g3 c5 5. Nf3 O-O 6. Bg2 Nc6 7.
O-O cxd4 8. Nxd4 Qb6 9. Nxc6 bxc6 10. Be3 Qa6 11. Qb3 Be7 12. c5 Nd5 13. Nxd5 cxd5 14.
Qc3 Bb7 15. Bd4 f6 16. f4 Qxe2 17. Rf2 Qb5 18. a4 Qc6 19. b4 Rfc8 20. b5 Qc7 21. Rc1 Bf8 22. g4 Re8 23. c6 dxc6 24. bxc6 Bc8 25. f5 Kh8 26. fxe6 Bxe6 27. g5 fxg5 28. Re1 Bg8 29. Rxf8 Rxe1+ 30. Qxe1 Rxf8 31. Qc3 h6 32. Bf1 Bh7 33. Qc5 Qf4 34. Bg2 Be4 35. Qe7 Qc1+ 0-1

[Event "*** SCC Grand Prix: Titled Tuesday Blitz"]
[Site "Chess.com"]
[Date "2020.10.13"]
[Round "8"]
[White "MarceloPlaya"]
[Black "RamyresCoelho"]
[Result "0-1"]
[WhiteElo "2258"]
[BlackElo "2085"]
[TimeControl "180+1"]
[EndTime "11:33:06 PDT"]
[Termination "RamyresCoelho won by checkmate"]

1. e4 c5 2. Nf3 d6 3. d4 cxd4 4.
Nxd4 Nf6 5. Nc3 a6 6. Bg5 e6 7. f4 Qb6 8. Nb3 Be7 9. Qd2 O-O 10. O-O-O Nc6 11. g4 Rd8 12. Bxf6 Bxf6 13. g5 Be7 14. h4 Bd7 15. h5 Qc7 16. g6 h6 17.
gxf7+ Kxf7 18. f5 Ne5 19. Kb1 b5 20. Bh3 exf5 21. Nd5 Qc6 22. Nd4 Qb7 23. Nxe7 Kxe7 24. Bxf5 Rac8 25. Rhg1 Kf8 26. Rxg7 Kxg7 27. Rg1+ Kf7 28.
Qxh6 Rg8 29. Qh7+ Kf6 30. Rxg8 Rxg8 31. Qxg8 Bxf5 32. Qh8+ Kg5 33. Qd8+ Kf4 34. exf5 Qh1# 0-1

[Event "*** SCC Grand Prix: Titled Tuesday Blitz"]
[Site "Chess.com"]
[Date "2020.10.13"]
[Round "8"]
[White "Sanyura"]
[Black "azikom"]
[Result "0-1"]
[WhiteElo "2481"]
[BlackElo "2635"]
[TimeControl "180+1"]
[EndTime "11:33:08 PDT"]
[Termination "azikom won by resignation"]

1. e4 c5 2. Nf3 e6 3. d4 cxd4 4. Nxd4 a6 5. Bd3 g6 6. O-O Bg7 7. Nb3 Ne7 8. f4 O-O 9. Nc3 Nbc6 10. Be3 d5 11. exd5 exd5 12. Ne2 Nf5 13. Bf2 Re8 14.
Qd2 Bxb2 15. Rae1 Bg7 16. c3 Nd6 17. Ng3 Nc4 18. Qc2 b5 19. f5 N4e5 20. Nd4 Nxd3 21.
Qxd3 Ne5 22. Qd2 Bd7 23. h3 Rc8 24. Nge2 Nc4 25. Qf4 Qc7 26. Qg5 Qd8 27. Qf4 Be5 28. Qg4 Nd2 29. Bh4 Qc7 30. Qg5 Ne4 31. Qg4 Nxc3 32.
Nxc3 Qxc3 33. Rxe5 Rxe5 34. Bf6 Qe3+ 35. Kh1 Re4 36.
Qd1 Rce8 37. fxg6 hxg6 38. Nb3 Rf4 39. Rg1 Rxf6 0-1

[Event "*** SCC Grand Prix: Titled Tuesday Blitz"]
[Site "Chess.com"]
[Date "2020.10.13"]
[Round "8"]
[White "Ural_bogatyr"]
[Black "Larina_Marija"]
[Result "0-1"]
[WhiteElo "2395"]
[BlackElo "2285"]
[TimeControl "180+1"]
[EndTime "11:33:08 PDT"]
[Termination "Larina_Marija won on time"]

1. e4 c6 2. d4 d5 3. e5 c5 4. dxc5 Nc6 5. a3 Nxe5 6. Bb5+ Nc6 7. b4 Nf6 8. Bb2 e6 9. Nf3 Be7 10. O-O O-O 11. c4 dxc4 12. Nbd2 a5 13. Bc3 Nd5 14. Rc1 Nxc3 15. Rxc3 axb4 16. axb4 Nxb4 17. Rxc4 Nd5 18. Qc2 Bd7 19. Bxd7 Qxd7 20. Ne4 Rfc8 21. Neg5 Bxg5 22. Nxg5 Nf6 23. Rf4 Qd5 24. h4 Rxc5 25. Qb1 h6 26. Rd1 Qc6 27. Nf3 Rc8 28. Rfd4 Qc7 29. Qd3 Rc3 30.
Qd2 Rc2 31. Qe3 Rc1 32. Ne5 Rxd1+ 33. Rxd1 Nd5 34. Qe4 Nc3 0-1

[Event "*** SCC Grand Prix: Titled Tuesday Blitz"]
[Site "Chess.com"]
[Date "2020.10.13"]
[Round "8"]
[White "MPGM"]
[Black "CaspiIsrael"]
[Result "0-1"]
[WhiteElo "2435"]
[BlackElo "2594"]
[TimeControl "180+1"]
[EndTime "11:33:09 PDT"]
[Termination "CaspiIsrael won on time"]

1. c4 e6 2. Nc3 Bb4 3. Qc2 Nf6 4. a3 Be7 5. Nf3 d5 6. d4 O-O 7.
cxd5 exd5 8. Bg5 c6 9. e3 Bg4 10. Ne5 Bh5 11. Bd3 h6 12. Bf4 Nbd7 13. O-O Nxe5 14. Bxe5 Bd6 15. f4 Re8 16. h3 Qd7 17. g4 Bxg4 18. hxg4 Nxg4 19. Rf3 g6 20. Bxg6 Bxe5 21.
Bh7+ Kh8 22. fxe5 Qe7 23. Rg3 Qh4 24. Qg2 Nxe3 25. Rxe3 Kxh7 26. Rh3 Qxd4+ 27. Kh1 Rxe5 28.
Rf1 Rf8 29. Ne2 Qxb2 30. Qf3 Qxe2 31. Qf6 Qe4+ 32. Kh2 h5 33. Rxh5+ Rxh5+ 0-1

[Event "*** SCC Grand Prix: Titled Tuesday Blitz"]
[Site "Chess.com"]
[Date "2020.10.13"]
[Round "8"]
[White "GAusal"]
[Black "orestn"]
[Result "1-0"]
[WhiteElo "2053"]
[BlackElo "2288"]
[TimeControl "180+1"]
[EndTime "11:33:09 PDT"]
[Termination "GAusal won by resignation"]

1. e4 e5 2. f4 Nc6 3. Nf3 f5 4. exf5 e4 5. Ne5 Nf6 6. Nc3 d6 7. Nxc6 bxc6 8. g4 h5 9. g5 Nd5 10. Nxd5 cxd5 11. Bh3 g6 12. d3 Qe7 13. f6 Qf7 14. Bxc8 Rxc8 15. dxe4 dxe4 16. Qd4 d5 17. Be3 c6 18. Qxa7 Qxa7 19. Bxa7 Bd6 20. Be3 Kf7 21.
c3 Ke6 22. b4 c5 23. b5 d4 24. cxd4 cxd4 25. Bxd4 Bxf4 26. h4 Rc2 27. a4 Rd8 28. O-O Bh2+ 29. Kh1 Rxd4 30. f7 Bd6 31. Rf6+ Ke5 32.
Rxd6 Rf2 33. Rxd4 Kxd4 34. b6 Rxf7 35. a5 e3 36. a6 e2 37. Kg1 1-0

[Event "*** SCC Grand Prix: Titled Tuesday Blitz"]
[Site "Chess.com"]
[Date "2020.10.13"]
[Round "8"]
[White "BikingBrian"]
[Black "UmarovSabir"]
[Result "1-0"]
[WhiteElo "2237"]
[BlackElo "2366"]
[TimeControl "180+1"]
[EndTime "11:33:10 PDT"]
[Termination "BikingBrian won on time"]

1. d4 g6 2. e4 Bg7 3. Nc3 c6 4. Be3 d5 5. Qd2 Nf6 6. f3 dxe4 7. Nxe4 O-O 8. O-O-O Be6 9. Kb1 Nbd7 10. Ng5 Nd5 11. Nxe6 fxe6 12. Bh6 Qb6 13. Bxg7 Kxg7 14. Ne2 e5 15.
Nc3 exd4 16. Nxd5 cxd5 17. Qxd4+ Qxd4 18. Rxd4 Nf6 19. Bb5 Rad8 20. Re1 Kf7 21. Ba4 Rd6 22. Bb3 e6 23. c4 Rfd8 24. cxd5 Nxd5 25. Red1 Ke7 26.
Bxd5 exd5 27. Re1+ Re6 28. Rxe6+ Kxe6 29. f4 Rd7 30.
Kc2 h6 31. Kd3 Rc7 32. Kd2 Rc6 33. Rd3 Rb6 34. b3 Ra6 35. a4 Rc6 36. Rc3 Kd6 37.
Rxc6+ bxc6 38. b4 c5 39. bxc5+ Kxc5 40. Kd3 Kb4 41. g4 Kxa4 42. f5 gxf5 43. gxf5 Kb5 44.
f6 1-0

[Event "*** SCC Grand Prix: Titled Tuesday Blitz"]
[Site "Chess.com"]
[Date "2020.10.13"]
[Round "8"]
[White "ferdipy"]
[Black "PawnEatingZombie"]
[Result "0-1"]
[WhiteElo "2301"]
[BlackElo "2191"]
[TimeControl "180+1"]
[EndTime "11:33:11 PDT"]
[Termination "PawnEatingZombie won by resignation"]

1. e4 c6 2. d4 d5 3. exd5 cxd5 4. Bd3 Nc6 5. c3 Qc7 6. h3 Nf6 7. Nf3 g6 8. O-O Bf5 9. Bg5 Bg7 10. Re1 Bxd3 11. Qxd3 O-O 12. Nbd2 Rfe8 13. Bh4 a6 14. Bg3 Qb6 15. b4 Rac8 16. Nb3 Qa7 17. a4 Ne4 18. Nc5 Nxg3 19. fxg3 a5 20. b5 Nb8 21. Rab1 b6 22. Nb3 Qc7 23. Rec1 Nd7 24. Nbd2 Qd6 25. c4 dxc4 26.
Nxc4 Qxg3 27. Rc2 Red8 28. Rd1 h6 29. Ne3 Nc5 30. Qe2 Nxa4 31. Rxc8 Rxc8 32. Qa2 Nc3 33.
Qc2 Qc7 34. Rd3 Nxb5 35. Qa4 Nd6 36. Nd5 Qc1+ 37. Rd1 Qc2 38. Nxe7+ Kh7 39. Qxc2 Rxc2 40. Nd5 b5 41. Ne3 Ra2 42. Rb1 b4 43. Nd5 Nb5 44.
Nb6 Nxd4 45. Ne1 b3 46. Nd3 a4 47. Nc4 Ne2+ 48. Kf1 Nc3 49. Rb2 Rxb2 50. Ncxb2 a3 51. Nc4 b2 52. Ncxb2 a2 53. Kf2 a1=Q 54. Nc4 Qa2+ 55. Kg3 Qxc4 0-1

[Event "*** SCC Grand Prix: Titled Tuesday Blitz"]
[Site "Chess.com"]
[Date "2020.10.13"]
[Round "8"]
[White "hungrycaterpillar4"]
[Black "Brave_spirit12"]
[Result "1-0"]
[WhiteElo "2686"]
[BlackElo "2483"]
[TimeControl "180+1"]
[EndTime "11:33:14 PDT"]
[Termination "hungrycaterpillar4 won by checkmate"]

1. b4 a5 2. b5 Nf6 3. a4 g6 4.
Bb2 Bg7 5. c4 d5 6. cxd5 O-O 7.
g3 Qxd5 8. Nf3 Qc5 9. Bg2 Ne4 10. d4 Qb4+ 11. Nbd2 Nxf2 12. Kxf2 Qxb2 13. e3 Bg4 14. Qb3 Qxb3 15. Nxb3 Nd7 16. Rac1 Rfc8 17. Nfd2 c6 18. bxc6 bxc6 19. Bxc6 Rab8 20. Bb5 Bh6 21.
Nxa5 Nb6 22. Nc6 Nd5 23. Nc4 Ra8 24. e4 Bxc1 25. Rxc1 Nf6 26. Nxe7+ Kf8 27. Nxc8 Rxc8 28. e5 Nd5 29. a5 Be6 30. Ke2 Nb4 31. Kd2 Rb8 32. Nd6 Ra8 33. a6 Nxa6 34. Bxa6 Rxa6 35. Rc2 Ra3 36. Rb2 Rf3 37. Ne4 Rf1 38. Rb8+ Kg7 39. h4 Rg1 40. Ke3 Bf5 41. Kf2 Rc1 42.
Nf6 Rd1 43. g4 g5 44. Rg8+ Kh6 45. hxg5# 1-0

[Event "*** SCC Grand Prix: Titled Tuesday Blitz"]
[Site "Chess.com"]
[Date "2020.10.13"]
[Round "8"]
[White "ViditYT"]
[Black "ChessWarrior7197"]
[Result "1-0"]
[WhiteElo "2873"]
[BlackElo "3021"]
[TimeControl "180+1"]
[EndTime "11:33:16 PDT"]
[Termination "ViditYT won by resignation"]

1. d4 d5 2. c4 e6 3. Nf3 c5 4. cxd5 exd5 5. Nc3 Nc6 6. e3 c4 7. b3 cxb3 8. Qxb3 Nf6 9. Bb5 Bd6 10. Ba3 O-O 11.
Bxd6 Qxd6 12. h3 Bd7 13. O-O Rfc8 14. Rfc1 Rc7 15. Be2 Rac8 16. Nb5 Nxd4 17. Rxc7 Nxe2+ 18. Kf1 Ng3+ 19. Ke1 Qb6 20. Rxc8+ Bxc8 21. fxg3 Ne4 22. Rc1 Bd7 23. Nbd4 Qa5+ 24. Kf1 h6 25. Kg1 b5 26. Qxd5 Nf6 27. Qb3 Qb6 28. Ne5 Be8 29. Rc8 Kh7 30. Rxe8 Nxe8 31. Qxf7 Nd6 32. Qg6+ Kg8 33. Qe6+ Kh8 34.
Qxd6 Qa5 35. Kh2 Kh7 36. Qg6+ Kg8 37. Nf5 Qc7 38. Nxh6+ Kf8 39. Qf5+ Ke7 40. Qf7+ Kd6 41. Nf5+ 1-0

[Event "*** SCC Grand Prix: Titled Tuesday Blitz"]
[Site "Chess.com"]
[Date "2020.10.13"]
[Round "8"]
[White "K_A_S_T_O_R"]
[Black "Ave_Mariia"]
[Result "1-0"]
[WhiteElo "2724"]
[BlackElo "2515"]
[TimeControl "180+1"]
[EndTime "11:33:17 PDT"]
[Termination "K_A_S_T_O_R won by resignation"]

1. e4 c5 2. Nf3 d6 3. d4 cxd4 4. Nxd4 Nf6 5. Nc3 g6 6. Be3 Bg7 7. f3 O-O 8. Qd2 Nc6 9. Bc4 Bd7 10. Bb3 Rc8 11. O-O-O Nxd4 12. Bxd4 b5 13. Nd5 Nxd5 14.
Bxg7 Kxg7 15. exd5 Kg8 16. Rhe1 a5 17. a3 Bf5 18. g4 a4 19. gxf5 axb3 20. c3 b4 21. axb4 Ra8 22. Qe3 Ra2 23. c4 Qc8 24. Qxb3 Ra1+ 25.
Kd2 Rxd1+ 26. Rxd1 Qxf5 27. Qe3 Qh3 28. Qxe7 Qxh2+ 29. Qe2 Qf4+ 30. Kc3 Rb8 31. Qe4 Qf6+ 32. Kb3 Rxb4+ 33. Kxb4 Qxb2+ 34. Ka5 Qa3+ 35. Kb6 Qc5+ 36. Ka6 Qa3+ 37. Kb5 Qb3+ 38. Kc6 Qxd1 39. Kxd6 Qa4 40. c5 Qa3 41. f4 h5 42. f5 Kg7 43. fxg6 fxg6 44. Qe7+ Kh6 45. Kd7 h4 46. Qxh4+ Kg7 47. Qe7+ Kh6 48. c6 Qa4 49. d6 g5 50. Qf6+ Kh5 51.
Qf5 Kh4 52. Qd5 g4 53. Ke7 g3 54. c7 Qa7 55. Ke8 Qe3+ 56. Kd8 1-0

[Event "*** SCC Grand Prix: Titled Tuesday Blitz"]
[Site "Chess.com"]
[Date "2020.10.13"]
[Round "8"]
[White "WildTricks"]
[Black "TomiLen"]
[Result "0-1"]
[WhiteElo "2444"]
[BlackElo "2597"]
[TimeControl "180+1"]
[EndTime "11:33:19 PDT"]
[Termination "TomiLen won by checkmate"]

1. e4 e6 2. d4 d5 3. Nd2 c5 4.
exd5 exd5 5. Ngf3 Nc6 6. Bb5 Qe7+ 7. Be2 Qc7 8. O-O Nf6 9. Re1 cxd4 10. Nxd4 Nxd4 11.
Bb5+ Kd8 12. Ba4 Bg4 13. Qxg4 Nxc2 14. Qe2 Nxe1 15. Qxe1 Bb4 16. a3 Ba5 17. b4 Bb6 18.
Bb2 Ng4 19. Kf1 Qxh2 20. Nf3 Qh1+ 21. Ng1 Bxf2 22. Qd2 Qxg1+ 23. Ke2 Qxg2 24. Qg5+ f6 25. Qxg7 Bd4+ 26. Kd3 Qe4+ 27. Kd2 Qe3+ 28. Kc2 Qe2+ 29.
Kc1 Qxb2+ 30. Kd1 Ne3+ 31. Ke1 Bc3# 0-1

[Event "*** SCC Grand Prix: Titled Tuesday Blitz"]
[Site "Chess.com"]
[Date "2020.10.13"]
[Round "8"]
[White "Ze-Pequeno"]
[Black "MrChampion_Coach"]
[Result "0-1"]
[WhiteElo "2170"]
[BlackElo "2366"]
[TimeControl "180+1"]
[EndTime "11:33:19 PDT"]
[Termination "MrChampion_Coach won on time"]

1. e4 c5 2. Nf3 d6 3. d4 cxd4 4. Nxd4 Nf6 5. Nc3 a6 6. f4 Qc7 7.
f5 Qb6 8. Bg5 Qxb2 9. Na4 Qa3 10. Bxf6 Qxa4 11. Bg5 Nc6 12. c3 Qa5 13. Bd2 Qe5 14.
Qf3 Bd7 15. Ne2 Rc8 16. Rb1 g6 17. Nf4 gxf5 18. Bd3 fxe4 19. Qxe4 Bh6 20. O-O Qxe4 21. Bxe4 e5 22. Nd5 Bxd2 23. Nf6+ Kd8 24. Rxb7 Rc7 25. Bxc6 Bxc6 26. Rb8+ Rc8 27. Rb2 Be3+ 28. Kh1 h5 29. h3 Bg5 30. Rd2 Ke7 31. Nd5+ Ke6 0-1

[Event "*** SCC Grand Prix: Titled Tuesday Blitz"]
[Site "Chess.com"]
[Date "2020.10.13"]
[Round "8"]
[White "barbara25"]
[Black "AurumO"]
[Result "0-1"]
[WhiteElo "2235"]
[BlackElo "1936"]
[TimeControl "180+1"]
[EndTime "11:33:19 PDT"]
[Termination "AurumO won by resignation"]

1. e4 c5 2. Nf3 Nc6 3. Bb5 g6 4. O-O Bg7 5. Re1 e6 6. c3 Nge7 7. d4 cxd4 8. cxd4 d5 9. e5 O-O 10.
Nc3 a6 11. Ba4 b5 12. Bc2 Bb7 13. Bg5 Rc8 14. Qd2 Qc7 15. Rac1 Qd7 16. Bh6 Nf5 17. Bxg7 Kxg7 18. g4 Nfe7 19. h4 Na5 20. Bb1 Nc4 21. Qe2 Nc6 22. h5 Qe7 23. b3 Na3 24. Qe3 Nxb1 25.
Rxb1 Nb4 26. Rbc1 Rc7 27. a3 Nc6 28. b4 Rfc8 29. Ne2 a5 30. bxa5 Nxa5 31. Rxc7 Rxc7 32. Ng3 Nc4 33. Qf4 Nxa3 34. h6+ Kg8 35. Ng5 b4 36.
Re3 Nc2 37. Rb3 Ba6 38. Rb2 Ne1 39. Qe3 Nd3 40. Rb3 Nc1 41. Rb1 Na2 42. Ne2 Bxe2 43. Qxe2 Nc3 44. Qf3 Nxb1 45. Nh3 Nd2 46. Qf4 Ne4 47. f3 Nc3 48. g5 Ne2+ 0-1

[Event "*** SCC Grand Prix: Titled Tuesday Blitz"]
[Site "Chess.com"]
[Date "2020.10.13"]
[Round "8"]
[White "AliKa2810"]
[Black "youngKID"]
[Result "0-1"]
[WhiteElo "2607"]
[BlackElo "2818"]
[TimeControl "180+1"]
[EndTime "11:33:21 PDT"]
[Termination "youngKID won by resignation"]

1. d4 Nf6 2. c4 Nc6 3. Nf3 e6 4. a3 d6 5. Nc3 g6 6. e4 Bg7 7.
Be2 a5 8. h3 O-O 9. Be3 Re8 10.
O-O e5 11. d5 Nd4 12. Nxd4 exd4 13. Bxd4 Nxe4 14. Bxg7 Kxg7 15. Nxe4 Rxe4 16. Bd3 Re8 17.
Re1 Rxe1+ 18. Qxe1 Qf6 19. Qe2 Bd7 20. Qd2 a4 21. Re1 h5 22. Re2 h4 23. Qe1 b6 24.
Re7 Rd8 25. Qe2 Kf8 26. Re3 Re8 27. Rxe8+ Bxe8 28. Kh2 Qe5+ 29. Qxe5 dxe5 30. g3 hxg3+ 31. Kxg3 Ke7 32. h4 Kd6 33. Kf3 f5 34. Ke3 e4 35.
Be2 Ke5 36. f4+ exf3 37. Bxf3 f4+ 38. Kd3 Bd7 39. c5 Bb5+ 40. Kc3 bxc5 41. b3 axb3 42. Kxb3 Kd4 43. a4 c4+ 44. Ka3 Ba6 45. a5 c3 46. Kb3 Kd3 47. h5 gxh5 48. Bxh5 Kd2 0-1

[Event "*** SCC Grand Prix: Titled Tuesday Blitz"]
[Site "Chess.com"]
[Date "2020.10.13"]
[Round "8"]
[White "Quiet_Desperation"]
[Black "katchesskat"]
[Result "0-1"]
[WhiteElo "1912"]
[BlackElo "2250"]
[TimeControl "180+1"]
[EndTime "11:33:21 PDT"]
[Termination "katchesskat won by resignation"]

1. e4 c6 2. d4 d5 3. exd5 cxd5 4. c4 Nf6 5. Nf3 Bg4 6. Qb3 Bxf3 7. Qxf3 Nc6 8. Be3 e6 9. Nc3 Bb4 10. cxd5 Nxd5 11. Rc1 Qa5 12. Bd3 Nxc3 13. bxc3 Bxc3+ 14. Kf1 Rd8 15. Qg4 O-O 16. h4 f5 17. Qe2 Bxd4 18. Bg5 Rd6 19. Bc4 Qe5 20. Qf3 Qe4 21. Qa3 Be5 22. Rh3 f4 23. Bb3 Nd4 24. Re1 Qf5 25. Be7 f3 26. Bxf8 fxg2+ 27. Kxg2 Qg4+ 28. Rg3 Bxg3 29. fxg3 Qf3+ 30. Kh3 Qxf8 31. Qc5 Kh8 32. Rf1 Qxf1+ 0-1

[Event "*** SCC Grand Prix: Titled Tuesday Blitz"]
[Site "Chess.com"]
[Date "2020.10.13"]
[Round "8"]
[White "Indianlad"]
[Black "crescentmoon2411"]
[Result "1-0"]
[WhiteElo "2918"]
[BlackElo "2805"]
[TimeControl "180+1"]
[EndTime "11:33:22 PDT"]
[Termination "Indianlad won on time"]

1. Nf3 Nf6 2. d4 e6 3. c4 c5 4. d5 exd5 5. cxd5 d6 6. Nc3 g6 7. Bf4 a6 8. a4 Bg7 9. h3 O-O 10.
e3 Re8 11. Bd3 Nbd7 12. O-O Ne5 13. Nxe5 dxe5 14. Bg5 h6 15. Bh4 g5 16. Bg3 e4 17.
Bc2 Bf5 18. f4 g4 19. Bh4 Qd7 20. a5 gxh3 21. Ba4 Qd6 22. Bxe8 Rxe8 23. Bxf6 Qxf6 24. Qh5 hxg2 25. Kxg2 Bg6 26. Qh3 Qf5 27. Rad1 Qxh3+ 28. Kxh3 Bf5+ 29. Kh2 Rd8 30. d6 Kf8 31. Rd2 c4 32. Na4 Bd7 33. Nb6 Bb5 34. Rc1 Bf6 35. Nxc4 Rc8 36.
b3 Ke8 37. d7+ 1-0

[Event "*** SCC Grand Prix: Titled Tuesday Blitz"]
[Site "Chess.com"]
[Date "2020.10.13"]
[Round "8"]
[White "vovachesss"]
[Black "PSvidler"]
[Result "0-1"]
[WhiteElo "2682"]
[BlackElo "2899"]
[TimeControl "180+1"]
[EndTime "11:33:22 PDT"]
[Termination "PSvidler won by resignation"]

1. Nf3 g6 2. e4 Nf6 3. Nc3 d6 4. d4 Bg7 5. h3 O-O 6. Be2 a6 7.
a4 Nc6 8. O-O e5 9. dxe5 dxe5 10.
Bc4 h6 11. Be3 Qe7 12. Qe2 Be6 13. Rfd1 Rad8 14. Bd5 Bxd5 15. Nxd5 Nxd5 16. exd5 Nb8 17. Qc4 Rfe8 18. a5 e4 19. Nd4 Qd6 20. Ne2 Nd7 21.
c3 h5 22. Qb3 Nc5 23. Bxc5 Qxc5 24. Qxb7 Rb8 25. Qxa6 Rxb2 26. Nd4 e3 27. fxe3 Rxe3 28.
Qc6 Qe7 29. a6 Rxg2+ 30. Kxg2 Qg5+ 31. Kf1 Qf4+ 32. Kg2 Rg3+ 33. Kh1 Rxh3+ 34. Kg1 Rg3+ 0-1

[Event "*** SCC Grand Prix: Titled Tuesday Blitz"]
[Site "Chess.com"]
[Date "2020.10.13"]
[Round "8"]
[White "HrvojeZagreb"]
[Black "Nara_Kh"]
[Result "1-0"]
[WhiteElo "2186"]
[BlackElo "2355"]
[TimeControl "180+1"]
[EndTime "11:33:22 PDT"]
[Termination "HrvojeZagreb won by checkmate"]

1. d4 d5 2. Bf4 c5 3. e3 Nc6 4.
Nc3 Nf6 5. Nb5 e5 6. dxe5 Ne4 7. Qxd5 Qxd5 8. Nc7+ Kd7 9. Nxd5 g5 10. Bg3 Nxg3 11.
hxg3 Nxe5 12. O-O-O Kc6 13. f4 Be6 14. Nc3 Ng4 15. Re1 Bg7 16. Nf3 Nf2 17. Rh5 g4 18.
Ne5+ Bxe5 19. Rxe5 Rhd8 20. f5 Bd7 21. Bc4 f6 22.
Re7 Bxf5 23. Rf1 Nh1 24. Rxf5 Nxg3 25. Rxf6+ Rd6 26. Rff7 Rb8 27. a4 a6 28. a5 h5 29.
Rc7# 1-0

[Event "*** SCC Grand Prix: Titled Tuesday Blitz"]
[Site "Chess.com"]
[Date "2020.10.13"]
[Round "8"]
[White "PhileKhoob"]
[Black "deribas12345"]
[Result "1-0"]
[WhiteElo "2517"]
[BlackElo "2663"]
[TimeControl "180+1"]
[EndTime "11:33:23 PDT"]
[Termination "PhileKhoob won by checkmate"]

1. e4 e6 2. d4 d5 3. e5 c5 4.
c3 Qa5 5. dxc5 Nc6 6. Nf3 Qc7 7. Bb5 Bxc5 8. Bf4 Bxf2+ 9. Kxf2 Qb6+ 10. Nd4 Bd7 11. Na3 Nge7 12. Re1 a6 13. Bxc6 bxc6 14. Qd2 c5 15. Nf3 h6 16. Rab1 g5 17. Be3 Nf5 18. g4 Ne7 19. Kg2 Bc6 20. Qf2 d4 21. cxd4 h5 22.
Nc4 Qc7 23. Nd6+ Kf8 24. Kg1 Nd5 25. Nxg5 Kg7 26. Ndxf7 hxg4 27. Nxe6+ Kg6 28. Nxc7 Rh3 29. Qc2+ Kg7 30. Ne6+ Kxf7 31. Qf5+ Ke7 32. Nxc5 g3 33. Qe6+ Kd8 34. Qd6+ Kc8 35. Qxc6+ Nc7 36. Qd7+ Kb8 37. Qd8+ Ka7 38. Qxc7# 1-0

[Event "*** SCC Grand Prix: Titled Tuesday Blitz"]
[Site "Chess.com"]
[Date "2020.10.13"]
[Round "8"]
[White "DonBroca"]
[Black "davigator"]
[Result "0-1"]
[WhiteElo "2204"]
[BlackElo "2331"]
[TimeControl "180+1"]
[EndTime "11:33:23 PDT"]
[Termination "davigator won by resignation"]

1. e4 c5 2. Nf3 Nc6 3. d4 cxd4 4. Nxd4 Nf6 5. Nc3 d6 6. Be2 Bd7 7. Be3 a6 8. f3 e6 9. Qd2 b5 10. a4 b4 11. Na2 Qb8 12. Nxc6 Bxc6 13. Nxb4 Bb7 14.
O-O Be7 15. Rfd1 O-O 16. b3 Rd8 17. Nd3 Qc7 18. a5 Nd7 19. Nf4 Rac8 20. Bd3 Nc5 21. Bc4 Bf8 22. Qf2 Qc6 23. Rd2 Nd7 24. Qg3 Ne5 25. Bd3 Qc3 26. Rad1 Qxa5 27. Nh5 Ng6 28. Nf4 Qc3 29. Nxg6 hxg6 30. Bf4 e5 31. Be3 d5 32. exd5 Rxd5 33. Bg5 Qc5+ 34. Kh1 a5 35. Bc4 Rxd2 36. Rxd2 Qc6 37. Qe1 a4 38. Qa1 axb3 39. Bxb3 Qc7 40. Qe1 Bb4 41. Qe4 Bxd2 42. Bxd2 Rd8 43.
Be1 Bxe4 0-1

[Event "*** SCC Grand Prix: Titled Tuesday Blitz"]
[Site "Chess.com"]
[Date "2020.10.13"]
[Round "8"]
[White "Khnykin_Nikolay"]
[Black "HanSchut"]
[Result "1-0"]
[WhiteElo "2053"]
[BlackElo "2198"]
[TimeControl "180+1"]
[EndTime "11:33:23 PDT"]
[Termination "Khnykin_Nikolay won on time"]

1. e4 c5 2. Nc3 a6 3. d4 cxd4 4. Qxd4 Nc6 5. Qd2 g6 6. b3 Bh6 7. f4 e5 8. g3 exf4 9. gxf4 Qh4+ 10. Qf2 Qxf2+ 11. Kxf2 Nge7 12. Nf3 d5 13. exd5 Nb4 14. Ba3 Nxc2 15. Bxe7 Kxe7 16. Rc1 Bf5 17. Rd1 Bxf4 18.
Bd3 Ne3 19. Rhe1 Rhe8 20. Bxf5 Kf6 21. Rd4 Nxf5 22. Rxf4 Rac8 23. Ne4+ Kg7 24. Nfg5 Rc2+ 25. Kf3 h6 26. Nxf7 1-0

[Event "*** SCC Grand Prix: Titled Tuesday Blitz"]
[Site "Chess.com"]
[Date "2020.10.13"]
[Round "8"]
[White "mirceaparligras"]
[Black "Susal_De_Silva"]
[Result "1-0"]
[WhiteElo "2641"]
[BlackElo "2468"]
[TimeControl "180+1"]
[EndTime "11:33:24 PDT"]
[Termination "mirceaparligras won by resignation"]

1. d4 Nf6 2. c4 e6 3. Nf3 b6 4.
Bf4 Bb7 5. e3 Bb4+ 6. Nfd2 O-O 7.
a3 Be7 8. Nc3 d6 9. Qc2 Nbd7 10.
Bd3 e5 11. Bg3 exd4 12. exd4 Bxg2 13. Rg1 Bb7 14. O-O-O d5 15. cxd5 h6 16. Bf4 Kh8 17.
Bc4 Bd6 18. Be3 b5 19. Ba2 Nb6 20. Qf5 Qd7 21. Qf3 Nh7 22. Qh5 b4 23. axb4 Bxb4 24.
Bxh6 gxh6 25. Qxh6 Rg8 26. Bb1 f5 27. Nf3 Bxc3 28. bxc3 Rxg1 29. Rxg1 Rg8 30. Rxg8+ Kxg8 31. Ne5 Qg7 32. Qe6+ Kh8 33. Ng6+ Qxg6 34. Qxg6 1-0

[Event "*** SCC Grand Prix: Titled Tuesday Blitz"]
[Site "Chess.com"]
[Date "2020.10.13"]
[Round "8"]
[White "wannabe2700"]
[Black "Barmen_EV"]
[Result "1-0"]
[WhiteElo "2707"]
[BlackElo "2493"]
[TimeControl "180+1"]
[EndTime "11:33:24 PDT"]
[Termination "wannabe2700 won on time"]

1. e4 c5 2. d4 cxd4 3. Nf3 e5 4. c3 dxc3 5. Nxc3 Nc6 6. Bc4 Nf6 7.
Ng5 d5 8. exd5 Nd4 9. d6 Bxd6 10.
Nxf7 Qe7 11. Nxh8 Bg4 12. f3 Bh5 13. Qa4+ Kf8 14. O-O Bc5 15. Kh1 Be8 16. Qd1 Rd8 17. Ne4 Nf5 18. Qe1 Bb4 19. Bd2 Bxd2 20. Nxd2 Qb4 21.
Rd1 Qxb2 22. Ne4 Rd4 23. Bb3 Nh5 24. Qa5 Nf4 25. Rd2 Rxd2 26. Nxd2 Ke7 27. Re1 1-0